 Dungeon Crawl Stone Soup version 0.26-b1-32-g5d43845318 (webtiles) character file.

Game seed: 5748818455979941676

756 Borgoz the Cudgeller (level 7, -1/43 HPs)
             Began as a Gargoyle Gladiator on Jan 11, 2021.
             Slain by an orc
             ... wielding a +2 war axe of freezing
              (3 damage)
             ... on level 5 of the Dungeon.
             The game lasted 00:04:14 (4903 turns).

Borgoz the Cudgeller (Gargoyle Gladiator)           Turns: 4903, Time: 00:04:15

Health: -1/43      AC:  9    Str: 18    XL:     7   Next: 79%
Magic:  7/7        EV: 14    Int:  8    God:
Gold:   290        SH:  0    Dex: 13    Spells: 6/6 levels left

rFire    . . .     SeeInvis .   q - +0 whip (venom)
rCold    . . .     Faith    .   (no shield)
rNeg     + . .     Spirit   .   b - +0 leather armour
rPois    ∞         Reflect  .   t - +0 helmet
rElec    +         Harm     .   (no cloak)
rCorr    .         Rampage  .   (no gloves)
Will     .....                  (no boots)
Stlth    +.........             (no amulet)
HPRegen  0.14/turn              (no ring)
MPRegen  0.10/turn              (no ring)

@: no status effects
A: negative energy resistance 1, electricity resistance, unbreathing,
petrification resistance, miasma immunity, AC +4
a: no special abilities


You were on level 5 of the Dungeon.
You visited 2 branches of the dungeon, and saw 6 of its levels.

You collected 290 gold pieces.

Inventory:

Hand Weapons
 q - a +0 whip of venom (weapon)
Missiles
 d - 3 throwing nets (quivered)
Armour
 b - a +0 leather armour (worn)
 t - a +0 helmet (worn)
Jewellery
 u - an uncursed amulet of the acrobat {unknown}
Scrolls
 e - a scroll of enchant armour {unknown}
 g - 4 scrolls of identify {unknown}
 h - 3 scrolls of enchant weapon {unknown}
 k - 2 scrolls of fog {unknown}
 l - 2 scrolls of remove curse {unknown}
 n - 2 scrolls of magic mapping {unknown}
 o - 3 scrolls of teleportation {unknown}
 r - 2 scrolls of blinking {unknown}
Potions
 a - a potion of flight {unknown}
 c - a potion of cancellation {unknown}
 f - a potion of might {unknown}
 i - a potion of resistance {unknown}
 j - a potion of brilliance {unknown}
 m - 2 potions of haste {unknown}
 p - a potion of lignification {unknown}
 s - 2 potions of curing {unknown}
 v - a potion of invisibility {unknown}
 w - a potion of ambrosia {unknown}
 x - a potion of attraction {unknown}


   Skills:
 + Level 4.2 Fighting
 * Level 5.6 Maces & Flails
 - Level 1.7 Throwing
 + Level 3.3 Armour
 * Level 4.7 Dodging


You had 6 spell levels left.
You didn't know any spells.
Your spell library contained the following spells:

 Spells                   Type           Power        Failure   Level
 Freeze                   Ice            0%           45%         1
 Frozen Ramparts          Ice            0%           83%         3
 Ozocubu's Armour         Ice            0%           83%         3
 Hailstorm                Conj/Ice       0%           99%         4
 Summon Ice Beast         Ice/Summ       0%           99%         4


Dungeon Overview and Level Annotations

Branches:
Dungeon (5/15)             Temple (1/1) D:4

Altars:
Ashenzari
Cheibriados
Dithmenos
Elyvilon
Fedhas
Gozag
Hepliaklqana
Kikubaaqudgha
Makhleb
Nemelex Xobeh
Qazlal
Ru
Sif Muna
Trog
Uskayaw
Yredelemnul
The Shining One

Annotations:
D:5 Pikel


Innate Abilities, Weirdness & Mutations

You are resistant to torment.
Your stone body is resilient. (AC +4)
You are immune to poison.
You resist negative energy. (rN+)
You are resistant to electric shocks. (rElec)
You can survive without breathing.
You are immune to petrification.
You are immune to miasma.


Message History

The lemure closely misses you. The orc closely misses you.
You hit the orc.
The orc is poisoned.
The orc is heavily wounded.
You kill the lemure!
That felt strangely unrewarding.
The lemure hits you!
* * * LOW HITPOINT WARNING * * *
The lemure hits you but does no damage. Pikel hits you but does no damage.
Pikel says, "Don't tell anyone, but I think Ereshkigal likes me."
Pikel hits you but does no damage.
You closely miss Pikel. The orc barely misses you. Pikel barely misses you.
You barely miss Pikel. The orc barely misses you.
You hit Pikel.
Pikel is poisoned.
Pikel is lightly wounded.
Pikel barely misses you. The lemure closely misses you.
You hit Pikel.
Pikel looks as sick as possible!
Pikel is moderately wounded.
The orc hits you with a +2 war axe of freezing!
* * * LOW HITPOINT WARNING * * *
The orc freezes you.
You die...

####### #.....# #.....+
#.....# . #.....# #+##..
######.....######## .....
#.....o5........... ..#
#....5K@........... ..#
.......5#####........ ..#
........# #........ ..#
....<...# #........ ..#
........# #........ ###
..# ........#####........
#.. ..#
...######.#.......######..
..#
...#......#.......#....'..
..#
#......'.......#....#..


You could see Pikel (extremely poisoned), 3 lemures and an orc (poisoned).

Vanquished Creatures
  Sigmund (D:3)
  2 eyes of draining (D:4)
  A lemure (D:5)
  A scorpion (D:3)
  2 hounds (D:5)
  An orc priest (D:3)
  2 orc wizards
  A worker ant (D:4)
  Robin (D:4)
  6 adders
  A shadow imp (D:5)
  A white imp (D:5)
  An ufetubus (D:5)
  An ooze (D:2)
  An adder skeleton (D:5)
  6 worms
  3 dart slugs
  3 leopard geckos
  8 orcs
  7 bats
  2 giant cockroaches
  16 goblins
  9 hobgoblins
  9 jackals
  11 kobolds
  2 quokkas
  2 ball pythons
  5 frilled lizards
  A quokka skeleton (D:4)
  7 rats
114 creatures vanquished.

Vanquished Creatures (others)
  A plant (D:4)
1 creature vanquished.

Grand Total: 115 creatures vanquished

Notes
Turn   | Place    | Note
-------+----------+-------------------------------------------
     0 | D:1      | Borgoz the Gargoyle Gladiator began the quest for the Orb.
     0 | D:1      | Reached XP level 1. HP: 12/12 MP: 1/1
   238 | D:1      | Reached XP level 2. HP: 18/18 MP: 2/2
   330 | D:1      | Found a sparkling altar of Nemelex Xobeh.
   612 | D:1      | Reached XP level 3. HP: 7/22 MP: 3/3
   614 | D:1      | Reached skill level 1 in Armour
  1322 | D:2      | Reached XP level 4. HP: 19/27 MP: 4/4
  2032 | D:3      | Found a blossoming altar of Fedhas.
  2099 | D:3      | Found a faded altar of an unknown god.
  2099 | D:3      | Noticed Sigmund
  2106 | D:3      | Killed Sigmund
  2107 | D:3      | Reached skill level 4 in Maces & Flails
  2107 | D:3      | Reached XP level 5. HP: 20/32 MP: 5/5
  2107 | D:3      | Reached XP level 6. HP: 23/37 MP: 6/6
  2224 | D:3      | Found a snail-covered altar of Cheibriados.
  2548 | D:3      | Found a burning altar of Makhleb.
  2691 | D:3      | Found a white marble altar of Elyvilon.
  3277 | D:4      | Noticed Robin
  3309 | D:4      | Killed Robin
  3310 | D:4      | Reached skill level 5 in Maces & Flails
  3444 | D:4      | Found a hazy altar of Hepliaklqana.
  3474 | D:4      | Found a staircase to the Ecumenical Temple.
  3489 | Temple   | Entered the Ecumenical Temple
  3694 | D:4      | Reached XP level 7. HP: 42/42 MP: 7/7
  3742 | D:4      | Got a pitted dagger
  3743 | D:4      | Identified the +5 dagger "Hanoreu" {vorpal, Will++} (You
                  | found it on level 4 of the Dungeon)
  3943 | D:4      | Found a bloodstained altar of Trog.
  4319 | D:5      | Entered Level 5 of the Dungeon
  4886 | D:5      | Noticed Pikel
  4903 | D:5      | HP: 2/43 [orc/+2 war axe of freezing (8)]
  4903 | D:5      | Slain by an orc

Illustrated notes

Levels and vault maps discovered:
D:1:      minmay_arrival_diagonal_passages, layout_loops_ring,
          nemelex_diamond_rough_becter
D:2:      layout_rooms
D:3:      layout_basic, cheibriados_altar_2, old_standard_altar,
          old_standard_altar, nicolae_overflow_crystal_walls,
          chequers_ecumenical_altar_simple_redux, grunt_decor_cap,
          minmay_misc_feat_tower, minivault_24, uniq_sigmund
D:4:      layout_loops_corners, trog_eyes_of_draining, general_overflow_altar,
          minmay_temple_entry_offerings, serial_bayou_ford_a, uniq_robin
D:5:      layout_gridville, lemuel_coloured_pillars_altar, st_stairs_3,
          uniq_pikel, uniq_prince_ribbit1
Temple:   eino_wide_crystal_templ

Skill      XL: |  1  2  3  4  5  6  7 |
---------------+----------------------+-----
Armour         | 1 2 3 |  3.3
Dodging        | 3 4 |  4.7
Fighting       | 3 4 |  4.2
Maces & Flails | 4 5 |  5.6
Throwing       | |  1.7

Action                   |  1- 3 |  4- 6 |  7- 9 || total
-------------------------+-------+-------+-------++-------
Melee: Flail             |   128 |    55 |       ||   183
       Whip              |       |   165 |   129 ||   294
Armor: Leather armour    |    74 |    80 |    51 ||   205
Dodge: Dodged            |   128 |   151 |   113 ||   392
